 Dungeon Crawl Stone Soup version 0.23-a0-644-gb60d84b (webtiles) character file.

616 Borgoz the Sneak (level 7, 0/45 HPs)
             Began as a Halfling Assassin on Jan 1, 2019.
             Slain by an ogre
             ... wielding a +0 giant club
              (21 damage)
             ... on level 4 of the Dungeon.
             The game lasted 00:06:25 (3131 turns).

Borgoz the Sneak (Halfling Assassin)                Turns: 3131, Time: 00:06:26

Health: 0/45       AC:  4    Str: 14    XL:     7   Next: 73%
Magic:  7/7        EV: 16    Int:  9    God:
Gold:   178        SH:  0    Dex: 16    Spells: 6/6 levels left

rFire    . . .     SeeInvis .   a - +1 dagger (venom)
rCold    . . .     Gourm    .   (shield restricted)
rNeg     . . .     Faith    .   c - +1 robe
rPois    .         Spirit   .   (no helmet)
rElec    .         Reflect  .   d - +0 cloak
rCorr    .         Harm     .   (no gloves)
MR       .....                  (no boots)
Stlth    ++++......             (no amulet)
HPRegen  0.15/turn              (no ring)
MPRegen  0.10/turn              (no ring)

@: no status effects
A: small, mutation resistance 1
a: no special abilities


You were on level 4 of the Dungeon.
You were not hungry.

You visited 1 branch of the dungeon, and saw 4 of its levels.

You collected 178 gold pieces.

Inventory:

Hand Weapons
 a - a +1 dagger of venom (weapon)
 b - a +0 blowgun
Missiles
 e - 52 poisoned needles
 f - 2 curare-tipped needles
Armour
 c - a +1 robe (worn)
 d - a +0 cloak (worn)
 m - a +0 chain mail of cold resistance
 x - a cursed +0 leather armour
Wands
 o - a wand of digging (4)
Scrolls
 h - 2 scrolls of teleportation {unknown}
 i - 3 scrolls of enchant armour
 k - 4 scrolls of amnesia {unknown}
 q - 3 scrolls of remove curse
 r - a scroll of enchant weapon
 s - 2 scrolls of magic mapping
 t - a scroll of identify {unknown}
 w - a scroll of fear {unknown}
Potions
 j - a potion of brilliance {unknown}
 l - 3 potions of berserk rage {unknown}
 n - a potion of might {unknown}
 p - a potion of ambrosia {unknown}
 v - 2 potions of magic {unknown}
 z - a potion of mutation {unknown}
 A - a potion of haste {unknown}
Comestibles
 g - 5 rations
 u - 3 chunks of flesh


   Skills:
 + Level 2.7 Fighting
 + Level 5.2 Short Blades
 + Level 3.0 Throwing
 + Level 3.0 Dodging
 + Level 7.6 Stealth


You had 6 spell levels left.
You didn't know any spells.
Your spell library was empty.

Dungeon Overview and Level Annotations

Branches:
Dungeon (4/15)
 Temple: D:4-7

Altars:
Nemelex Xobeh
Vehumet
Wu Jian


Innate Abilities, Weirdness & Mutations

You are small and have problems with some larger weapons.
You are somewhat resistant to further mutation.


Message History

No target in view!
No target in view!
No target in view!
No target in view!
No target in view!
No target in view!
You see here a +0 club.
An ogre comes into view. It is wielding a +0 giant club.
An ogre is nearby!
The ogre shouts!
The ogre hits you with a +0 giant club!!
Ouch! That really hurt!
You are too injured to fight recklessly!
You are too injured to fight recklessly!
You barely miss the ogre. The ogre completely misses you.
Okay, then.
You hit the ogre.
The ogre is poisoned.
The ogre is lightly wounded.
The ogre hits you with a +0 giant club!!
You die...

##.##..#.#
##.......###...#
##.....#)# ##....##...####
.......#.# ####....###
...#####.########...[####
# ...# ##....#....#### ###
.### ##..)((...### ##.. ##
##...))....## #... #
##........#.O## #...
##.........#.@.# #####
#...
##..........##..####...##
##..
#..........####.........##
#.. ##..........#
#..........# ##.
##...........#
##..........## #.
#...........##
#.....(......# ###
#...........#
#<...........###..
#..........##
##.................
..####.....#
#..................


You could see an ogre.

Vanquished Creatures
  2 ogres (D:4)
  A centaur (D:4)
  2 scorpions
  3 orc wizards
  A worker ant (D:3)
  A hound skeleton (D:4)
  4 adders
  5 worms
  3 dart slugs
  4 leopard geckos
  9 orcs
  5 giant cockroaches
  6 goblins
  6 hobgoblins
  3 jackals (D:2)
  A quokka (D:3)
  A ball python (D:2)
  A ball python zombie (D:4)
  11 bats
  6 frilled lizards
  2 jackal skeletons (D:4)
  8 kobolds
  10 rats
  A plant (D:3)
96 creatures vanquished.

Vanquished Creatures (others)
  2 plants (D:3)
2 creatures vanquished.

Grand Total: 98 creatures vanquished

Notes
Turn   | Place    | Note
-------+----------+-------------------------------------------
     0 | D:1      | Borgoz the Halfling Assassin began the quest for the Orb.
     0 | D:1      | Reached XP level 1. HP: 14/14 MP: 1/1
    34 | D:1      | Reached XP level 2. HP: 11/19 MP: 2/2
   308 | D:1      | Reached skill level 5 in Stealth
   361 | D:1      | Reached XP level 3. HP: 24/24 MP: 3/3
   760 | D:2      | Reached XP level 4. HP: 29/29 MP: 4/4
   918 | D:2      | Reached skill level 6 in Stealth
   918 | D:2      | Reached XP level 5. HP: 32/34 MP: 5/5
  1548 | D:3      | Reached XP level 6. HP: 30/39 MP: 6/6
  1588 | D:3      | Found a sparkling altar of Nemelex Xobeh.
  2400 | D:4      | Noticed an ogre
  2439 | D:4      | Killed an ogre
  2439 | D:4      | Reached skill level 7 in Stealth
  2564 | D:4      | Noticed an ogre
  2572 | D:4      | Killed an ogre
  2572 | D:4      | Reached XP level 7. HP: 45/45 MP: 7/7
  2604 | D:4      | Reached skill level 5 in Short Blades
  2818 | D:4      | Found a radiant altar of Vehumet.
  2889 | D:4      | Found an ornate altar of the Wu Jian Council.
  3131 | D:4      | Slain by an ogre

Vault maps used:
D:1:      matt_arrival_grand_opening, minmay_cut_off
D:2:      first_ration, minmay_crystal_room
D:3:      lemuel_round_altar, serial_bayou, serial_bayou_lagoon_a,
          serial_bayou_crossing, serial_bayou_shore_b, serial_bayou_ford_a
D:4:      nicolae_overflow_crystal_walls, kennysheep_little_box,
          lemuel_doored_altar

Skill      XL: |  1  2  3  4  5  6  7 |
---------------+----------------------+-----
Stealth        | 5 6 7 |  7.6
Short Blades   | 3 4 5 |  5.2
Fighting       | 2 |  2.7
Dodging        | 2 3 |  3.0
Throwing       | 3 |  3.0

Action                   |  1- 3 |  4- 6 |  7- 9 || total
-------------------------+-------+-------+-------++-------
Melee: Dagger            |    67 |   202 |    44 ||   313
 Fire: Blowgun           |       |    11 |       ||    11
  Use: Scroll            |       |     5 |       ||     5
 Stab: Sleeping          |    15 |    12 |     3 ||    30
  Eat: Chunk             |       |     6 |     1 ||     7
Armor: Robe              |    11 |    33 |     8 ||    52
Dodge: Dodged            |    42 |   115 |    11 ||   168

Table legend:
 A = Non-vault XP
 B = Vault XP
 C = Vault XP percentage of total XP
 D = Non-vault monster count
 E = Vault monster count
 F = Vault count percentage of total count
                 A         B        C        D         E       F
            +---------+---------+-------+---------+---------+-------
      Total |     872 |       9 |   1.0 |      91 |       4 |   4.2
            +---------+---------+-------+---------+---------+-------
        D:1 |      30 |       9 |  23.1 |      18 |       4 |  18.2
        D:2 |     134 |       0 |   0.0 |      27 |       0 |   0.0
        D:3 |     180 |       0 |   0.0 |      25 |       0 |   0.0
        D:4 |     528 |       0 |   0.0 |      21 |       0 |   0.0
            +---------+---------+-------+---------+---------+-------
